 Dungeon Crawl Stone Soup version 0.31-a0-155-gb63f529262 (webtiles) character file.

Game seed: 5528579433242093070

359 Faragor the Conjurer (level 6, -1/32 HPs)
             Began as a Deep Elf Conjurer on June 12, 2023.
             Succumbed to a kobold brigand's curare-tipped dart
             ... on level 4 of the Dungeon.
             The game lasted 00:13:45 (4942 turns).

Faragor the Conjurer (Deep Elf Conjurer)            Turns: 4942, Time: 00:13:46

Health: -1/32      AC:  4    Str:  4    XL:     6   Next: 37%
Magic:  0/16       EV: 13    Int: 25    God:
Gold:   215        SH:  0    Dex: 13    Spells: 3/15 levels left

rFire   . . .        B - +0 flail (protect)
rCold   . . .        (no shield)
rNeg    . . .        a - +0 robe
rPois   .            y - +1 hat
rElec   .            (no cloak)
rCorr   .            k - +0 pair of gloves
SInv    .            (no boots)
Will    .....        (no amulet)
Stlth   +++          (no ring)
HPRegen 0.25/turn    (no ring)
MPRegen 0.15/turn

%: no passive effects
@: lethally poisoned (-1 -> -8), slowed, very slow
A: no striking features
a: no special abilities


You were on level 4 of the Dungeon.
You visited 1 branch of the dungeon, and saw 4 of its levels.

You collected 215 gold pieces.

Inventory:

Hand Weapons
 c - a +0 short sword
 z - a +2 halberd of venom
 B - a +0 flail of protection (weapon)
Missiles
 p - 4 throwing nets
Armour
 a - a +0 robe (worn)
 k - a +0 pair of gloves (worn)
 y - a +1 hat (worn)
Jewellery
 v - a ring of protection from cold
Wands
 l - a wand of flame (4)
 D - a wand of mindburst (6)
Scrolls
 d - a scroll of teleportation {unknown}
 e - a scroll of noise {unknown}
 f - 2 scrolls of fear {unknown}
 g - 2 scrolls of enchant weapon
 h - a scroll of brand weapon {unknown}
 i - a scroll of magic mapping {unknown}
 m - a scroll of immolation {unknown}
 n - 2 scrolls of blinking {unknown}
 q - a scroll of amnesia {unknown}
 t - a scroll of butterflies {unknown}
 C - a scroll of identify
Potions
 b - a potion of magic
 j - a potion of brilliance {unknown}
 o - a potion of curing {unknown}
 r - 2 potions of mutation
 s - 6 potions of attraction
 u - a potion of degeneration {unknown}
 w - a potion of berserk rage {unknown}
 x - a potion of heal wounds {unknown}
 A - a potion of enlightenment {unknown}


   Skills:
 - Level 3.7 Dodging
 + Level 5.0 Stealth
 + Level 5.3 Spellcasting
 + Level 5.7 Conjurations
 + Level 1.3 Ice Magic


You had 3 spell levels left.
You knew the following spells:

 Your Spells              Type           Power      Damage    Failure   Level
a - Magic Dart            Conj           100%       1d8       1%          1
b - Searing Ray           Conj           70%        2d7       1%          2
c - Fulminant Prism       Conj/Hex       10%        3d8       24%         4
d - Freezing Cloud        Conj/Ice/Air   9%         6-21      63%         5

Your spell library contained the following spells:

 Spells                   Type           Power      Damage    Failure   Level
 Dazzling Flash           Conj/Hex       42%        N/A       8%          3
 Cigotuvi's Dreadful Rot  Necr/Pois/Air  12%        N/A       12%         2
 Ignite Poison            Fire/Tmut/Pois 6%         N/A       24%         3
 Tukima's Dance           Hex            6%         N/A       24%         3
 Iskenderun's Mystic Bla  Conj/Tloc      21%        2d6       24%         4
 Dispel Undead            Necr           6%         3d8       61%         4
 Passage of Golubria      Tloc           6%         N/A       61%         4
 Yara's Violent Unravell  Hex/Tmut       3%         3d4       91%         5
 Eringya's Noxious Bog    Tmut/Pois      3%         N/A       100%        6


Dungeon Overview and Level Annotations

Branches:
Dungeon (4/15)
 Temple: D:4-7

Altars:
Dithmenos


Message History

The kobold brigand is lightly wounded.
The kobold brigand shouts!
Unknown command.
Casting: Magic Dart (safe; 1% risk of failure)
Confirm with . or Enter, or press ? or * to list all spells.
Aiming: Magic Dart (safe; 1% risk of failure)
Press: ? - help, Shift-Dir - straight line, f/p - kobold brigand
Aim: a kobold brigand, wielding a +0 dagger and quivering curare-tipped darts (lightly wounded, 100% to hit)
The magic dart hits the kobold brigand.
The kobold brigand is moderately wounded.
Casting: Magic Dart (safe; 1% risk of failure)
Confirm with . or Enter, or press ? or * to list all spells.
Aiming: Magic Dart (safe; 1% risk of failure)
Press: ? - help, Shift-Dir - straight line, f/p - kobold brigand
Aim: a kobold brigand, wielding a +0 dagger and quivering curare-tipped darts (moderately wounded, 100% to hit)
The magic dart hits the kobold brigand.
The kobold brigand is heavily wounded.
The kobold brigand throws a curare-tipped dart.
The curare-tipped dart hits you.
You are poisoned.
You have difficulty breathing.
* * * LOW HITPOINT WARNING * * *
You feel as though you will be slow longer.
Casting: Magic Dart (safe; 1% risk of failure)
Confirm with . or Enter, or press ? or * to list all spells.
Aiming: Searing Ray (safe; 1% risk of failure)
Press: ? - help, Shift-Dir - straight line, f/p - kobold brigand
Aim: a kobold brigand, wielding a +0 dagger and quivering curare-tipped darts (heavily wounded, 76% to hit)
The searing ray misses the kobold brigand. (Press . to maintain the ray.)
* * * LOW HITPOINT WARNING * * *
You feel very sick.
The searing ray hits the kobold brigand!
The kobold brigand is severely wounded.
* * * LOW HITPOINT WARNING * * *
You feel very sick.
Your magical contamination has completely faded away.
The searing ray hits the kobold brigand.
The kobold brigand is almost dead.
You die...

#........# ###.#....#
##### ##.#....##
....# #..#.....###
###.###.##.......#
.........#######.#
....#.#..# #.#
......#..#######.####
..(.......#.....@...#
................K...#
....................#
....................#
..........(.........#
...>.......#
.?.........#
...#..#.####


You could see a kobold brigand.

Vanquished Creatures
  An ogre (D:4)
  An orc priest (D:2)
  An iguana (D:4)
  An orc wizard (D:2)
  Robin (D:2)
  7 gnolls
  2 adders (D:3)
  2 dart slugs
  2 orcs (D:2)
  7 bats
  8 endoplasms
  4 giant cockroaches
  15 goblins
  11 hobgoblins
  3 jackals
  4 quokkas
  4 ball pythons
  4 frilled lizards
  6 kobolds
  3 rats
87 creatures vanquished.

Vanquished Creatures (others)
  A fulminant prism (D:4)
1 creature vanquished.

Grand Total: 88 creatures vanquished

Notes
Turn   | Place    | Note
-------+----------+-------------------------------------------
     0 | D:1      | Faragor the Deep Elf Conjurer began the quest for the Orb.
     0 | D:1      | Reached XP level 1. HP: 10/10 MP: 6/6
    72 | D:1      | Found a faded altar of an unknown god.
   252 | D:1      | Reached XP level 2. HP: 15/15 MP: 6/8
  1204 | D:2      | Reached XP level 3. HP: 19/19 MP: 7/10
  1242 | D:2      | Found a shadowy altar of Dithmenos.
  1250 | D:2      | Got the Anthology of the Grisly Tincture
  1254 | D:2      | Learned a level 2 spell: Searing Ray
  1461 | D:2      | Reached XP level 4. HP: 21/24 MP: 0/11
  1708 | D:2      | Reached skill level 5 in Conjurations
  1943 | D:2      | Identified the +0 helmet of Fyamn {rC+ Dex+3}
  1943 | D:2      | Noticed Robin
  2271 | D:3      | Reached XP level 5. HP: 28/28 MP: 10/13
  2768 | D:3      | Learned a level 4 spell: Fulminant Prism
  2774 | D:3      | Learned a level 5 spell: Freezing Cloud
  4212 | D:2      | Killed Robin
  4260 | D:2      | Reached skill level 5 in Spellcasting
  4810 | D:4      | Reached XP level 6. HP: 32/32 MP: 8/15
  4936 | D:4      | Reached skill level 5 in Stealth
  4936 | D:4      | Reached skill level 1 in Ice Magic
  4942 | D:4      | Succumbed to a kobold brigand's curare-tipped dart

Illustrated notes

Levels and vault maps discovered:
D:1:      minmay_arrival_doors, layout_basic, shapermc_ecumenical_altar_venn
D:2:      layout_basic, basic_altar, minmay_pentomino_v2, uniq_robin
D:3:      kennysheep_six_static_rooms, layout_loops_ring, patterned_corridor
D:4:      layout_rooms, portal_sewer_entry_b

Skill      XL: |  1  2  3  4  5  6 |
---------------+-------------------+-----
Stealth        | 3 4 5 |  5.0
Dodging        | 3 |  3.7
Spellcasting   | 4 5 |  5.3
Conjurations   | 5 |  5.7
Ice Magic      | 1 |  1.3

Action                     |  1- 3 |  4- 6 || total
---------------------------+-------+-------++-------
  Melee: Short sword       |     7 |     7 ||    14
   Cast: Magic Dart        |    56 |    34 ||    90
         Searing Ray       |     3 |    35 ||    38
         Fulminant Prism   |       |     1 ||     1
    Use: Scroll            |       |     3 ||     3
 Armour: Robe              |     3 |     4 ||     7
  Dodge: Dodged            |    10 |    18 ||    28

Table legend: (Time is in decaauts)
 A = Elapsed time spent in this place.
 B = Non-inter-level travel time spent in this place.
 C = Inter-level travel time spent in this place.
 D = Time resting spent in this place.
 E = Time spent auto-exploring this place.
 F = Levels seen in this place.
 G = Mean time per level.
                   A        B        C        D        E       F      G
               +--------+--------+--------+--------+--------+-----+--------+
         Total |   4948 |   4760 |    188 |   1397 |   2566 |   4 | 1237.0 |
       Dungeon |   4948 |   4760 |    188 |   1397 |   2566 |   4 | 1237.0 |
               +--------+--------+--------+--------+--------+-----+--------+

Top non-repeatable levels by time:
     D:3: 1790 daAuts
     D:2: 1764 daAuts
     D:1: 1145 daAuts
     D:4: 248 daAuts
